 Dungeon Crawl Stone Soup version 0.19.4-9-g45fd643 (webtiles) character file.

14132 equalderp2856 the Covert (level 11, -1/46 HPs)
             Began as a Felid Fighter on Feb 15, 2017.
             Slain by a wyvern (11 damage)
             ... on level 6 of the Lair of Beasts.
             The game lasted 03:35:46 (32929 turns).

equalderp2856 the Covert (Felid Fighter)           Turns: 32929, Time: 03:35:46

Health: -1/46      AC:  9    Str: 13    XL:     11   Next: 84%
Magic:  23/25      EV: 26    Int: 13    God:
Gold:   1072       SH:  0    Dex: 16    Spells: 11 memorised, 7 levels left
                                        Lives:  0   Deaths: 4

rFire  . . .     SeeInvis +       - Unarmed
rCold  + . .     Gourm    .     (armour unavailable)
rNeg   + . .     Faith    .     (shield unavailable)
rPois  .         Spirit   .     (helmet unavailable)
rElec  +         Reflect  .     (cloak unavailable)
rCorr  .         Harm     .     (gloves unavailable)
MR     +....                    (boots unavailable)
Stlth  ++++++....               v - amulet of regeneration
                                y - +6 ring of protection
                                V - ring of positive energy

@: confusing touch (expiring), quick
A: no armour, no weapons or thrown items, stealth, claws 1, fangs 3, see
invisible, carnivore 3, speed 1, shaggy fur 3, electricity resistance, slow
metabolism 1, sharp paws
a: no special abilities


You were on level 6 of the Lair of Beasts.
You were very full.

You visited 2 branches of the dungeon, and saw 16 of its levels.

You collected 1072 gold pieces.

Inventory:

Missiles
 k - 170 bolts
 B - 127 arrows
Jewellery
 u - an uncursed ring of poison resistance
 v - an amulet of regeneration (around neck)
 w - a +3 ring of dexterity
 y - a +6 ring of protection (right paw)
 z - a +3 ring of evasion
 L - the amulet of Due Proportion {Reflect rF++ SH+4}
   (You found it on level 7 of the Dungeon)

   [amulet of reflection]

   It shields you and reflects attacks.
   It greatly protects you from fire.
   It affects your SH (+4).
 S - a +6 ring of intelligence
 V - a ring of positive energy (left paw)
 W - an uncursed ring of fire
 Y - an uncursed ring of protection from cold
Wands
 l - a wand of slowing (31/48)
 n - a wand of polymorph (14/24)
 C - a wand of paralysis (12/24)
 E - a wand of lightning (0/15)
 F - a wand of enslavement (1/24)
 G - a wand of paralysis (19/24)
 H - a wand of iceblast (6/15)
 I - a wand of teleportation (3/9)
 J - a wand of digging (11/24)
 M - a wand of polymorph (17/24)
 O - a wand of lightning (9/15)
Scrolls
 e - 8 scrolls of identify
 A - 4 scrolls of remove curse
 X - 2 scrolls of recharging
 Z - a scroll of teleportation
Potions
 a - 5 potions of might
 d - 3 potions of invisibility
 h - 3 potions of magic
 m - 6 potions of flight
 o - a potion of cancellation
 N - 2 potions of agility
 R - 2 potions of degeneration
 T - 2 potions of mutation
Books
 j - a book of Air

   Spells                             Type                      Level
   a - Shock                          Conjuration/Air              1
   b - Swiftness                      Charms/Air                   2
   c - Repel Missiles                 Charms/Air                   2
   d - Static Discharge               Conjuration/Air              3
   e - Lightning Bolt                 Conjuration/Air              5
 P - a book of Cantrips

   Spells                             Type                      Level
   a - Confusing Touch                Hexes                        1
   b - Animate Skeleton               Necromancy                   1
   c - Summon Small Mammal            Summoning                    1
   d - Apportation                    Translocation                1
 U - a book of Minor Magic

   Spells                             Type                      Level
   a - Magic Dart                     Conjuration                  1
   b - Blink                          Translocation                2
   c - Call Imp                       Summoning                    2
   d - Repel Missiles                 Charms/Air                   2
   e - Slow                           Hexes                        2
   f - Conjure Flame                  Conjuration/Fire             3
   g - Mephitic Cloud                 Conjuration/Poison/Air       3
Comestibles
 b - 13 meat rations
 c - 2 royal jellies
 g - 3 slices of pizza
 i - 12 bread rations
 Q - 4 beef jerkies


   Skills:
 - Level 4.4 Fighting
 - Level 10.6 Dodging
 - Level 14.9 Stealth
 - Level 14.1 Unarmed Combat
 + Level 9.9 Spellcasting
 * Level 3.1 Conjurations
 - Level 11.0 Hexes
 - Level 0.2 Charms
 - Level 1.7 Summonings
 - Level 0.8 Translocations
 - Level 3.0 Fire Magic
 * Level 2.3 Air Magic
 - Level 0.2 Evocations


You had 7 spell levels left.
You knew the following spells:

 Your Spells              Type           Power        Failure   Level  Hunger
a - Confusing Touch       Hex            #####.       1%          1    None
b - Summon Small Mammal   Summ           ##..         8%          1    None
c - Magic Dart            Conj           ##..         3%          1    None
d - Blink                 Tloc           N/A          14%         2    None
e - Slow                  Hex            #####...     1%          2    None
f - Call Imp              Summ           ##......     10%         2    None
g - Repel Missiles        Chrm/Air       #.....       12%         2    None
h - Conjure Flame         Conj/Fire      ##......     12%         3    ##.....
i - Swiftness             Chrm/Air       #.......     12%         2    None
j - Shock                 Conj/Air       ##..         4%          1    None
k - Lightning Bolt        Conj/Air       ##........   91%         5    #####..


Dungeon Overview and Level Annotations

Branches:
Dungeon (10/15)            Temple (0/1) D:7            Lair (6/6) D:8
  Swamp (0/4) Lair:2       Spider (0/4) Lair:4        Slime (0/5) Lair:5
    Orc: D:9-12

Altars:
Ashenzari
Dithmenos
Fedhas
Kikubaaqudgha
Makhleb
Okawaru
Trog
Uskayaw
Xom
Zin
Jiyva

Annotations:
D:3 exclusion: oklob plant
D:7 Blork the orc
D:9 Erolcha
Lair:3 Harold
Lair:5 Nessos
Lair:6 Xiguana's ghost, journeyman DrCK


Innate Abilities, Weirdness & Mutations

You cannot wear armour.
You are incapable of wielding weapons or throwing items.
Your paws allow you to move quietly. (Stealth)
You have sharp claws.
You have razor-sharp teeth.
You have supernaturally acute eyesight. (SInv)
You are carnivorous and can eat meat at any time.
You cover ground quickly.
Your thick and shaggy fur keeps you warm. (AC +3, rC+)
You have a slow metabolism.
Your sharp claws are effective at attacking unaware monsters.
You are resistant to electric shocks. (rElec)


Message History

This raw flesh tastes great.
Eating a chunk of flesh.
You start eating the chunk of flesh.
This raw flesh tastes great.
A wyvern is nearby!
Casting: Confusing Touch
Confirm with . or Enter, or press ? or * to list all spells.
Aiming: Slow
Press: ? - help, Shift-Dir - straight line, f - wyvern
Aim: a wyvern (hasn't noticed you, chance to defeat MR: 73%)
The wyvern hisses angrily.
The wyvern seems to slow down.
The wyvern bites you!
You claw the wyvern!
The wyvern is moderately wounded.
The wyvern bites you!
* * * LOW HITPOINT WARNING * * *
Casting: Slow
Confirm with . or Enter, or press ? or * to list all spells.
Your paws begin to glow red.
The wyvern bites you!
You die...

###### ### #.#..###########
#.### ##
#####.#..#.##..##†###...##.###
..S..........................#
..............<..............##
##P....#..##.#†...†..P#.#....P#
≈####.#.#..#....P#..P.####P...#
§# #...........l@...P........##
# #P..........PP............##
## ##.........................##
§######...........P..........#.#
§≈≈## ###.....................##
.§§§######....................#
.....h.###....................##
...............................#
.............................###


You could see a wyvern.

Vanquished Creatures
  5 hydras
  The ghost of graki42 the Carver, a journeyman HaFi of Trog (Lair:2)
  3 death yaks
  Urug (Lair:3)
  Sonja (D:10)
  2 unseen horrors (D:10)
  A swamp dragon (Lair:2)
  Pikel (D:6)
  A wolf spider (Lair:4)
  6 elephants
  7 black mambas
  Maurice (D:8)
  14 spiny frogs
  A rime drake (Lair:4)
  9 komodo dragons
  A merfolk (D:9)
  2 polar bears
  14 blink frogs
  Prince Ribbit (D:9)
  A hornet (D:10)
  6 hippogriffs
  5 dream sheep (Lair:4)
  Sigmund (D:5)
  2 wyverns
  40 yaks
  10 basilisks
  2 hungry ghosts
  A steam dragon (Lair:3)
  Grum (D:8)
  4 hell hounds (Lair:6)
  11 water moccasins
  9 porcupines
  3 orc warriors
  3 black bears
  4 ice beasts
  2 necrophages
  8 wolves
  9 ogres
  3 centaurs
  25 crocodiles
  10 bullfrogs
  A gnoll sergeant (D:9)
  4 scorpions
  3 killer bees (D:9)
  5 howler monkeys
  A bullfrog zombie (D:9)
  3 crimson imps
  A centaur zombie (D:3)
  8 hounds
  4 jellies
  3 orc priests
  2 centaur skeletons
  7 orc wizards
  3 iguanas
  11 worker ants
  A killer bee zombie (D:7)
  A hound skeleton (D:4)
  A howler monkey zombie (D:8)
  2 howler monkey skeletons (D:8)
  15 gnolls
  13 adders
  3 river rats (D:8)
  3 shadow imps
  2 oozes
  2 adder skeletons
  4 worms
  3 dart slugs (D:1)
  4 leopard geckos
  21 orcs
  10 bats
  7 giant cockroaches
  6 goblins (D:1)
  2 hobgoblins (D:1)
  13 jackals
  4 quokkas
  6 frilled lizards
  A giant cockroach zombie (D:5)
  A jackal skeleton (D:5)
  4 kobolds
  A quokka skeleton (D:9)
  A quokka zombie (D:5)
  14 rats
433 creatures vanquished.

Vanquished Creatures (collateral kills)
  A bullfrog (Lair:1)
  2 killer bees (D:9)
3 creatures vanquished.

Vanquished Creatures (others)
  A slave (D:6)
  A jelly (D:6)
  A bullfrog skeleton (D:6)
  An ooze (D:6)
  22 fungi
  16 plants
42 creatures vanquished.

Grand Total: 478 creatures vanquished

Notes
Turn   | Place    | Note
-------+----------+-------------------------------------------
     0 | D:1      | equalderp2856 the Felid Fighter began the quest for the Orb.
     0 | D:1      | Reached XP level 1. HP: 10/10 MP: 2/2
   212 | D:1      | Reached XP level 2. HP: 14/14 MP: 3/3
   273 | D:1      | You fall through a shaft!
   466 | D:2      | Reached XP level 3. HP: 17/17 MP: 4/4
  1209 | D:1      | Reached skill level 1 in Stealth
  1452 | D:2      | Reached XP level 4. HP: 21/21 MP: 5/5
  1481 | D:2      | Reached skill level 5 in Unarmed Combat
  2413 | D:3      | Slain by a centaur zombie
  2414 | D:3      | Reached XP level 3. HP: -2/17 MP: 4/4
  2881 | D:3      | Reached XP level 4. HP: 21/21 MP: 5/5
  3092 | D:3      | Found a blossoming altar of Fedhas.
  3110 | D:3      | Noticed an oklob plant
  3645 | D:4      | Noticed an ogre
  3718 | D:4      | Killed an ogre
  3718 | D:4      | Reached skill level 5 in Dodging
  3718 | D:4      | Reached XP level 5. HP: 24/24 MP: 6/6
  4094 | D:4      | Gained mutation: You are covered in thick fur. (AC +2) [Felid growth]
  4094 | D:4      | Reached XP level 6. HP: 15/28 MP: 7/7
  4819 | D:4      | Reached skill level 5 in Stealth
  5989 | D:5      | Entered Level 5 of the Dungeon
  6001 | D:5      | Reached XP level 7. HP: 31/31 MP: 8/8
  6457 | D:5      | Noticed Sigmund
  7286 | D:5      | Killed Sigmund
  7286 | D:5      | Reached XP level 8. HP: 36/36 MP: 9/9
  7383 | D:5      | Found a hide-covered altar of Uskayaw.
  7386 | D:5      | Found an iron altar of Okawaru.
  7386 | D:5      | Found a burning altar of Makhleb.
  7871 | D:6      | Noticed Pikel
  7904 | D:6      | Killed Pikel
  8713 | D:7      | Found a staircase to the Ecumenical Temple.
  8732 | D:7      | Found a bloodstained altar of Trog.
  8785 | D:7      | Reached XP level 9. HP: 39/39 MP: 10/10
  8855 | D:7      | Found a shimmering altar of Xom.
  9454 | D:7      | Noticed Blork the orc
  9602 | D:7      | Reached skill level 10 in Unarmed Combat
  9613 | D:7      | Got a pitted zirconium amulet
  9965 | D:8      | Noticed Maurice
 10050 | D:8      | Killed Maurice
 10097 | D:8      | Learned a level 1 spell: Confusing Touch
 10099 | D:8      | Learned a level 1 spell: Summon Small Mammal
 10440 | D:8      | Reached skill level 10 in Stealth
 10665 | D:8      | Reached skill level 1 in Spellcasting
 10797 | D:8      | Reached XP level 10. HP: 42/42 MP: 12/15
 10954 | D:8      | Found a glowing silver altar of Zin.
 11031 | D:8      | Found a staircase to the Lair.
 11572 | D:8      | Reached skill level 1 in Hexes
 11703 | D:8      | Noticed Grum
 11887 | D:8      | Killed Grum
 12293 | D:8      | Found a shadowy altar of Dithmenos.
 12293 | D:8      | Found a shattered altar of Ashenzari.
 12590 | D:9      | Noticed Prince Ribbit
 12664 | D:9      | Killed Prince Ribbit
 12705 | D:9      | Found an ancient bone altar of Kikubaaqudgha.
 13135 | D:8      | Identified the amulet of Due Proportion {Reflect rF++ SH+4} (You found it on level 7 of the Dungeon)
 13138 | D:8      | Learned a level 1 spell: Magic Dart
 13141 | D:8      | Learned a level 2 spell: Blink
 13144 | D:8      | Learned a level 2 spell: Slow
 13147 | D:8      | Learned a level 2 spell: Call Imp
 13150 | D:8      | Learned a level 2 spell: Repel Missiles
 13806 | D:9      | Noticed Erolcha
 14153 | D:10     | Entered Level 10 of the Dungeon
 14307 | D:10     | Noticed a red ugly thing
 14521 | D:10     | Reached skill level 5 in Spellcasting
 14540 | D:10     | Noticed Sonja
 15394 | D:5      | Reached XP level 11. HP: 46/46 MP: 19/19
 16309 | D:10     | Noticed a hill giant
 16602 | D:10     | Killed Sonja
 16602 | D:10     | Reached skill level 1 in Summonings
 16705 | D:10     | Noticed an unseen horror
 16723 | D:10     | Killed an unseen horror
 16723 | D:10     | Reached skill level 5 in Hexes
 16869 | D:10     | Noticed an unseen horror
 16882 | D:10     | Killed an unseen horror
 17361 | Lair:1   | Entered Level 1 of the Lair of Beasts
 17618 | Lair:1   | Noticed a death yak
 17767 | Lair:1   | Noticed a death yak
 17769 | Lair:1   | Noticed a death yak
 19045 | Lair:1   | Slain by a death yak
 19046 | Lair:1   | Reached XP level 10. HP: -2/42 MP: 16/20
 19136 | Lair:2   | Found a staircase to the Swamp.
 19148 | Lair:2   | Noticed a swamp dragon
 19206 | Lair:2   | Noticed graki42's ghost (journeyman HaFi)
 20259 | Lair:2   | Noticed a spiny frog
 20259 | Lair:2   | Reached XP level 11. HP: 46/46 MP: 22/22
 20855 | Lair:1   | Killed a death yak
 20872 | Lair:1   | Killed a death yak
 21340 | Lair:2   | Killed a death yak
 21762 | Lair:2   | Learned a level 3 spell: Conjure Flame
 22121 | Lair:3   | Noticed a four-headed hydra
 22139 | Lair:3   | Killed a four-headed hydra
 22402 | Lair:3   | Noticed Urug
 22888 | Lair:3   | Noticed Harold
 23215 | Lair:3   | Reached skill level 10 in Dodging
 23216 | Lair:3   | Gained mutation: Your thick and shaggy fur keeps you warm. (AC +3, rC+) [Felid growth]
 23216 | Lair:3   | Reached XP level 12. HP: 42/49 MP: 12/25
 23439 | Lair:4   | Reached skill level 1 in Fire Magic
 24562 | Lair:3   | Noticed a five-headed hydra
 24592 | Lair:3   | Killed a five-headed hydra
 24592 | Lair:3   | Reached skill level 1 in Conjurations
 25278 | Lair:4   | Reached skill level 10 in Hexes
 26482 | Lair:4   | Found a hole to the Spider Nest.
 27101 | Lair:5   | Noticed Nessos
 27198 | Lair:5   | HP: 2/49 [poisoned by a spiny frog]
 27349 | Lair:5   | Found a viscous altar of Jiyva.
 27350 | Lair:5   | Found a staircase to the Slime Pits.
 27424 | Lair:5   | Noticed a six-headed hydra
 27789 | Lair:5   | Killed a six-headed hydra
 27789 | Lair:5   | Reached XP level 13. HP: 52/52 MP: 27/27
 28249 | Lair:6   | Entered Level 6 of the Lair of Beasts
 28924 | Lair:6   | Noticed Xiguana's ghost (journeyman DrCK)
 28997 | Lair:6   | Killed from afar by Xiguana's ghost
 28998 | Lair:6   | Reached XP level 12. HP: -5/50 MP: 26/26
 29034 | Lair:6   | Noticed a death yak
 29034 | Lair:6   | Noticed a death yak
 29038 | Lair:6   | Noticed a five-headed hydra
 29856 | Lair:2   | Killed graki42's ghost
 30200 | Lair:3   | Killed Urug
 30996 | Lair:1   | Noticed a six-headed hydra
 31012 | Lair:1   | Killed a six-headed hydra
 31469 | Lair:1   | Gained mutation: You are resistant to electric shocks. (rElec) [potion of beneficial mutation]
 31602 | Lair:2   | Learned a level 2 spell: Swiftness
 31604 | Lair:2   | Learned a level 1 spell: Shock
 31610 | Lair:2   | Learned a level 5 spell: Lightning Bolt
 31900 | Lair:3   | Reached skill level 1 in Air Magic
 32859 | Lair:6   | HP: 2/50 [poisoned by a black mamba]
 32861 | Lair:6   | Succumbed to a black mamba's poison
 32862 | Lair:6   | Reached XP level 11. HP: -1/46 MP: 24/25
 32929 | Lair:6   | Slain by a wyvern

Skill      XL: |  1  2  3  4  5  6  7  8  9 10 11 12 |
---------------+-------------------------------------+-----
Stealth        | 1 4 5 6 8 10 11 13 14 | 14.9
Unarmed Combat | 5 6 8 9 11 12 13 14 | 14.1
Dodging        | 5 6 7 8 10 | 10.6
Spellcasting   | 2 5 8 9 |  9.9
Fighting       | 4 |  4.4
Hexes          | 3 9 11 | 11.0
Summonings     | 1 |  1.7
Fire Magic     | 3 |  3.0
Conjurations   | 3 2 |  3.1
Air Magic      | 2 |  2.3
Charms         | |  0.2
Translocations | |  0.8
Evocations     | |  0.2

Action                   |  1- 3 |  4- 6 |  7- 9 | 10-12 | 13-15 || total
-------------------------+-------+-------+-------+-------+-------++-------
Melee: Unarmed           |   105 |   166 |   314 |  1219 |    43 ||  1847
       Bite              |     7 |    19 |    29 |   165 |     8 ||   228
       Punch             |     1 |     3 |    18 |    77 |     3 ||   102
 Cast: Confusing Touch   |       |       |     3 |   182 |     9 ||   194
       Slow              |       |       |       |   135 |     7 ||   142
       Magic Dart        |       |       |       |   107 |       ||   107
       Call Imp          |       |       |       |    18 |       ||    18
       Summon Small Mamm |       |       |       |     6 |       ||     6
       Blink             |       |       |       |     3 |       ||     3
       Conjure Flame     |       |       |       |    70 |     7 ||    77
       Repel Missiles    |       |       |       |     2 |     1 ||     3
       Swiftness         |       |       |       |     1 |       ||     1
Evoke: Wand              |       |       |       |     4 |       ||     4
  Use: Scroll            |     6 |     2 |     2 |    18 |     1 ||    29
       Potion            |       |     1 |     1 |    10 |       ||    12
 Stab: Sleeping          |     9 |     8 |    14 |    29 |     3 ||    63
       Distracted        |       |     1 |     1 |     3 |       ||     5
       Confused          |       |       |     2 |    99 |     4 ||   105
  Eat: Chunk             |     6 |    11 |     7 |    57 |       ||    81
Armor: Skin              |     3 |     9 |    20 |    60 |     1 ||    93
Dodge: Dodged            |    89 |   122 |   210 |   763 |    27 ||  1211
       Deflected         |       |       |       |     3 |     1 ||     4
Block: Other             |       |       |       |     2 |       ||     2
